 Dungeon Crawl Stone Soup version 0.29-a0-88-g03a7b78be7 (webtiles) character file.

Game seed: 7913404483475247353

31 enile the Skirmisher (level 2, -7/28 HPs)
             Began as a Demigod Wanderer on Feb 6, 2022.
             Killed from afar by an orc wizard (11 damage)
             ... with a magic dart
             ... on level 2 of the Dungeon.
             The game lasted 00:01:44 (952 turns).

enile the Skirmisher (Demigod Wanderer)              Turns: 952, Time: 00:01:45

Health: -7/28      AC:  8    Str: 12    XL:     2   Next: 90%
Magic:  4/4        EV:  4    Int: 12    God:
Gold:   33         SH:  4    Dex: 16    Spells: 1/1 levels left

rFire   . . .      SeeInvis .   a - +3 spear
rCold   . . .      Faith    .   b - +0 buckler
rNeg    . . .      Spirit   .   i - +0 chain mail
rPois   .          Reflect  .   (no helmet)
rElec   .          Harm     .   (no cloak)
rCorr   .          Rampage  .   (no gloves)
Will    .....                   (no boots)
Stlth   ..........              (no amulet)
HPRegen 0.09/turn               (no ring)
MPRegen 0.09/turn               (no ring)

@: invisible
A: high MP 1, forlorn, divine attributes
a: no special abilities


You were on level 2 of the Dungeon.
You visited 1 branch of the dungeon, and saw 2 of its levels.

You collected 33 gold pieces.

Inventory:

Hand Weapons
 a - a +3 spear (weapon)
Armour
 b - a +0 buckler (worn)
 c - a +0 robe
 i - a +0 chain mail (worn)
Scrolls
 e - a scroll of fear {unknown}
 g - 2 scrolls of identify {unknown}


   Skills:
 + Level 4.5 Fighting
 - Level 3.6 Polearms
 - Level 1.0 Armour
 - Level 1.0 Shields


You had one spell level left.
You didn't know any spells.
Your spell library contained the following spells:

 Spells                   Type           Power      Damage    Failure   Level
 Conjure Flame            Conj/Fire      0%         6-21      100%        3
 Ignite Poison            Fire/Tmut/Pois 0%         N/A       100%        3
 Sticky Flame             Conj/Fire      0%         2d3       100%        4


Dungeon Overview and Level Annotations

Branches:
Dungeon (2/15)

Shops:
D:1 (


Innate Abilities, Weirdness & Mutations

You have an increased reservoir of magic. (+10% MP)
You shall have no god before yourself.
Your divine heritage dramatically boosts your attributes as you level up.


Message History

Non-targeted confused throw: 2 darts (atropa)
Press: ? - help, Q - select action Dir - look around, f - activate Look: an orc wizard, wielding a +0 dagger and wearing a +0 robe (moderately wounded)
You throw an atropa-tipped dart.
The orc wizard hits you but does no damage.
You hit the orc wizard.
The orc wizard is heavily wounded.
The orc wizard points at you and mumbles some strange words.
The magic dart hits you but does no damage.
You bump into the rock wall.
The orc wizard casts a spell at you. The magic dart hits you.
* * * LOW HITPOINT WARNING * * *
You bump into the rock wall.
The orc wizard hits you but does no damage.
It was a potion of invisibility.
You fade into invisibility!
The orc wizard hits you but does no damage.
You see here a rat corpse.
You bump into the rock wall.
You bump into the rock wall.
You feel less confused.
The orc wizard gestures at the orc while chanting.
The magic dart hits the orc!
The orc dies!
Throw: dart (atropa)
Press: ? - help, Q - select action Shift-Dir - straight line, f/p - orc wizard
Aim: an orc wizard, wielding a +0 dagger and wearing a +0 robe (heavily wounded, 55% to hit, chance to blind on hit: 75%)
You throw an atropa-tipped dart.
The atropa-tipped dart closely misses the orc wizard.
The atropa-tipped dart hits the orc.
The orc appears confused.
The orc is severely wounded.
As you read the scroll labelled EHUEPH JEGOTE, it crumbles to dust.
The scroll dissolves into smoke.
It was a scroll of fog.
The orc wizard hits you but does no damage.
You hit the orc wizard.
The orc wizard is almost dead.
The orc wizard casts a spell at you. The magic dart hits you!
You die...

#.########.# #.###### #.#
#.##...# #.# # #####.##...#
#.# #. #.....##...# #†# #..
#<....##...# #.# ..
#....###...###.#
#.##K##########..............#
#....(§§§§§oo@.......#########
#################....# #....#
##'### #.# #.# #.# #.# #.#


You could see an orc wizard and an orc.

Vanquished Creatures
  2 dart slugs (D:1)
  An orc (D:2)
  An endoplasm (D:1)
  A giant cockroach (D:1)
  A hobgoblin (D:1)
  4 jackals (D:1)
  A quokka (D:1)
  2 ball pythons (D:1)
  4 bats (D:1)
  3 frilled lizards (D:1)
  A kobold (D:1)
  4 rats (D:2)
25 creatures vanquished.

Vanquished Creatures (others)
  An orc (D:2)
1 creature vanquished.

Grand Total: 26 creatures vanquished

Notes
Turn   | Place    | Note
-------+----------+-------------------------------------------
     0 | D:1      | enile the Demigod Wanderer began the quest for the Orb.
     0 | D:1      | enile set off with the following items: a +3 spear, a +0
                  | buckler, a +0 robe
     0 | D:1      | Reached XP level 1. HP: 19/19 MP: 3/3
   241 | D:1      | Reached skill level 4 in Fighting
   311 | D:1      | Reached XP level 2. HP: 26/27 MP: 4/4
   478 | D:1      | Found Wyohuyb's Weapon Shoppe.
   952 | D:2      | Killed from afar by an orc wizard

Illustrated notes

Levels and vault maps discovered:
D:1:      minmay_arrival_four_circles, layout_loops_ring, serial_shops,
          nicolae_shop_bloodbath_and_beyond
D:2:      layout_basic, serial_shops,
          nicolae_shop_temple_entry_statues_fountains,
          hellmonk_ecumenical_altar_defaced_shrine, hangedman_decor_push

Skill      XL: |  1 |
---------------+----+-----
Fighting       | 4 |  4.5
Polearms       | |  3.6
Armour         | |  1.0
Shields        | |  1.0

Action                   || total
-------------------------++-------
Melee: Spear             ||    81
Throw: Dart              ||     5
  Use: Scroll            ||     1
       Potion            ||     1
 Stab: Sleeping          ||     2
Armor: Robe              ||     5
       Chain mail        ||    22
Dodge: Dodged            ||    20
Block: Buckler           ||     9

Table legend: (Time is in decaauts)
 A = Elapsed time spent in this place.
 B = Non-inter-level travel time spent in this place.
 C = Inter-level travel time spent in this place.
 D = Time resting spent in this place.
 E = Time spent auto-exploring this place.
 F = Levels seen in this place.
 G = Mean time per level.
                   A        B        C        D        E       F      G
               +--------+--------+--------+--------+--------+-----+--------+
         Total |    949 |    844 |    105 |      0 |    670 |   2 |  474.5 |
       Dungeon |    949 |    844 |    105 |      0 |    670 |   2 |  474.5 |
               +--------+--------+--------+--------+--------+-----+--------+

Top non-repeatable levels by time:
     D:1: 847 daAuts
     D:2: 101 daAuts
